 Dungeon Crawl Stone Soup version 0.22.1-7-g5c428e7 (webtiles) character file.

125 dengdeng the Slasher (level 4, 0/41 HPs)
             Began as a Minotaur Berserker on Feb 6, 2019.
             Was a Believer of Trog.
             Slain by a kobold
             ... wielding a +0 dagger
              (2 damage)
             ... on level 2 of the Dungeon.
             The game lasted 00:02:10 (990 turns).

dengdeng the Slasher (Minotaur Berserker)            Turns: 990, Time: 00:02:10

Health: 0/41       AC:  2    Str: 22    XL:     4   Next: 82%
Magic:  3/3        EV: 12    Int:  4    God:    Trog [**....]
Gold:   53         SH:  0    Dex: 10    Spells: 3/3 levels left

rFire    . . .     SeeInvis .   a - +0 falchion
rCold    . . .     Gourm    .   (no shield)
rNeg     . . .     Faith    .   b - +0 animal skin
rPois    .         Spirit   .   (helmet restricted)
rElec    .         Reflect  .   (no cloak)
rCorr    .         Harm     .   (no gloves)
MR       .....                  (no boots)
Stlth    +.........             (no amulet)
HPRegen  0.13/turn              (no ring)
MPRegen  0.08/turn              (no ring)

@: berserk cooldown, slowed, very slow
A: retaliatory headbutt, horns 2
a: Berserk, Trog's Hand, Renounce Religion


You were on level 2 of the Dungeon.
You worshipped Trog.
Trog was pleased with you.
You were very hungry.

You visited 1 branch of the dungeon, and saw 2 of its levels.

You collected 53 gold pieces.

Inventory:

Hand Weapons
 a - a +0 falchion (weapon)
Missiles
 f - 83 stones (quivered)
Armour
 b - a +0 animal skin (worn)
Scrolls
 e - 2 scrolls of teleportation {unknown}
 i - a scroll of amnesia {unknown}
 l - a scroll of fog {unknown}
 m - a scroll of identify {unknown}
Potions
 d - 2 potions of might {unknown}
 h - 2 potions of curing {unknown}
 j - 2 potions of magic {unknown}
 k - a potion of agility {unknown}
Comestibles
 c - a ration


   Skills:
 + Level 4.8 Fighting
 * Level 5.5 Long Blades
 + Level 2.7 Armour
 + Level 2.6 Dodging
 + Level 0.1 Stealth


You had 3 spell levels left.
You didn't know any spells.
Your spell library was empty.

Dungeon Overview and Level Annotations

Branches:
Dungeon (2/15)

Altars:


Innate Abilities, Weirdness & Mutations

You reflexively headbutt those who attack you in melee.
You have a pair of horns on your head.


Message History

You kill the kobold!
Trog accepts your kill.
Things that are here:
a short sword; 3 stones; a kobold corpse You feel a strong urge to attack something.
A kobold comes into view. It is wielding a dagger.
The kobold shouts!
The adder bites you.
* * * LOW HITPOINT WARNING * * *
The kobold moves out of view.
Things that are here:
a giant club; an ogre corpse You slash the adder!
You headbutt the adder.
You kill the adder!
Trog accepts your kill.
You feel a strong urge to attack something.
You feel your anger nearly subside.
You are no longer berserk.
You are exhausted.
You feel yourself slow down. The kobold hits you with a dagger.
You die...

..# #########.###
............#
#.......#.#.##########
#....................#
#......K.............#
.......@.#...........###
#.....$....)).......>...
.......###.†............
...#... #..............
....... #..............
....... #...........###
......# #...#.#........
###... #.###.#.#######
#.# #.#.#


You could see a kobold.

Vanquished Creatures
  An ogre (D:2)
  2 adders (D:2)
  2 giant cockroaches
  2 goblins
  2 hobgoblins (D:1)
  4 jackals (D:1)
  A ball python (D:1)
  2 bats (D:1)
  2 frilled lizards
  4 kobolds
  2 rats
24 creatures vanquished.

Notes
Turn   | Place    | Note
-------+----------+-------------------------------------------
     0 | D:1      | dengdeng the Minotaur Berserker began the quest for the
                  | Orb.
     0 | D:1      | Reached XP level 1. HP: 19/19 MP: 0/0
   351 | D:1      | Reached XP level 2. HP: 27/27 MP: 1/1
   448 | D:1      | Reached skill level 4 in Long Blades
   974 | D:2      | Noticed an ogre
   981 | D:2      | Killed an ogre
   981 | D:2      | Reached skill level 5 in Long Blades
   981 | D:2      | Reached XP level 3. HP: 2/35 MP: 2/2
   981 | D:2      | Reached XP level 4. HP: 2/41 MP: 3/3
   982 | D:2      | Reached ** piety under Trog
   985 | D:2      | HP: 2/61 [adder (2)]
   990 | D:2      | Slain by a kobold

Skill      XL: |  1  2 |
---------------+-------+-----
Fighting       | 4 |  4.8
Long Blades    | 5 |  5.5
Armour         | |  2.7
Dodging        | |  2.6
Stealth        | |  0.1

Action                   |  1- 3 |  4- 6 || total
-------------------------+-------+-------++-------
Melee: Falchion          |    38 |     2 ||    40
       Headbutt          |     8 |     3 ||    11
Throw: Stone             |     2 |       ||     2
Invok: Berserk           |       |     1 ||     1
Armor: Animal skin       |     9 |       ||     9
Dodge: Dodged            |    25 |     3 ||    28
       Rpst.: Falchion   |     3 |     2 ||     5
